 Dungeon Crawl Stone Soup version 0.30-a0-540-g0af01429fa (webtiles) character file.

Game seed: 5084578726172350875

553 Adrian566 the Chopper (level 7, -1/54 HPs)
             Began as a Demonspawn Fighter on Dec 22, 2022.
             Slain by a phantom (4 damage)
             ... on level 6 of the Dungeon on Dec 25, 2022.
             The game lasted 00:04:29 (4385 turns).

Adrian566 the Chopper (Demonspawn Fighter)          Turns: 4385, Time: 00:04:30

Health: -1/54      AC: 13    Str: 19    XL:     7   Next: 8%
Magic:  7/7        EV:  9    Int:  9    God:
Gold:   243        SH:  4    Dex: 12    Spells: 6/6 levels left

rFire   . . .      SeeInvis .    a - +0 war axe
rCold   . . .      Faith    .    c - +0 buckler
rNeg    . . .      Spirit   .    b - +0 scale mail
rPois   .          Reflect  .    (no helmet)
rElec   .          Harm     .    q - +0 cloak
rCorr   .          Rampage  .    s - +0 pair of gloves
Will    .....                    (no boots) Stlth
                                 (no amulet)
HPRegen 0.29/turn                h - +4 ring of protection
MPRegen 0.10/turn                (no ring)

@: no status effects
A: claws 1, foul stench 1, powered by pain 2
a: no special abilities


You were on level 6 of the Dungeon.
You visited 1 branch of the dungeon, and saw 6 of its levels.
You also visited: Sewer.

You collected 243 gold pieces.

Inventory:

Hand Weapons
 a - a +0 war axe (weapon)
Armour
 b - a +0 scale mail (worn)
 c - a +0 buckler (worn)
 m - a +0 pair of gloves
 q - a +0 cloak (worn)
 s - a +0 pair of gloves (worn)
Jewellery
 h - a +4 ring of protection (left hand)
 u - a ring of protection from fire
Wands
 v - a wand of acid (1)
Scrolls
 f - 2 scrolls of fear
 g - a scroll of torment
 j - 2 scrolls of fog
 l - 3 scrolls of teleportation
 t - a scroll of identify
 x - a scroll of enchant weapon {unknown}
 y - a scroll of acquirement {unknown}
 z - a scroll of magic mapping {unknown}
Potions
 d - a potion of might
 e - 4 potions of brilliance
 i - 2 potions of heal wounds {unknown}
 k - 2 potions of berserk rage
 n - a potion of attraction {unknown}
 o - a potion of magic {unknown}
 p - 3 potions of mutation {unknown}
 r - a potion of resistance {unknown}
 w - a potion of flight {unknown}


   Skills:
 + Level 4.0 Fighting
 * Level 5.5 Axes
 + Level 3.7 Armour
 + Level 1.1 Dodging
 + Level 0.1 Stealth
 + Level 3.2 Shields


You had 6 spell levels left.
You didn't know any spells.
Your spell library contained the following spells:

 Spells                   Type           Power      Damage    Failure   Level
 Freeze                   Ice            0%         1d3       83%         1
 Sting                    Tmut/Pois      0%         1d3       83%         1
 Cigotuvi's Dreadful Rot  Necr/Pois/Air  0%         N/A       93%         2
 Poisonous Vapours        Pois/Air       0%         N/A       93%         2
 Frozen Ramparts          Ice            0%         1d1       99%         3
 Hailstorm                Conj/Ice       0%         3d3       99%         3
 Dispel Undead            Necr           0%         3d6       100%        4
 Olgreb's Toxic Radiance  Pois           0%         N/A       100%        4
 Death Channel            Necr           0%         N/A       100%        6


Dungeon Overview and Level Annotations

Branches:
Dungeon (6/15)              Sewer (visited)
 Temple: D:4-7

Altars:


Innate Abilities, Weirdness & Mutations

You have sharp fingernails.
You may rarely emit foul miasma when damaged in melee.
You sometimes gain power by taking damage.


Message History

You completely miss the iguana.
The iguana is almost dead.
You completely miss the phantom. You block the iguana's attack.
The phantom hits you but does no damage.
You hit the iguana but do no damage.
The iguana is almost dead.
You slash the phantom!
The iguana bites you but does no damage.
The phantom hits you.
* * * LOW HITPOINT WARNING * * *
The phantom blinks!
You blink.
The phantom barely misses you. You block the phantom's attack.
There is a stone staircase leading down here.
Things that are here:
a +0 long sword; a scroll of identify You closely miss the iguana.
The iguana is almost dead.
You hit the phantom but do no damage. You block the iguana's attack.
You block the phantom's attack. The iguana closely misses you.
The shadow imp hits you but does no damage.
The phantom barely misses you.
You slash the iguana!
You kill the iguana!
You completely miss the phantom. You barely miss the shadow imp.
The shadow imp hits you.
* * * LOW HITPOINT WARNING * * *
The phantom hits you but does no damage.
The phantom attacks as you move away! The phantom hits you.
* * * LOW HITPOINT WARNING * * *
The shadow imp hits you but does no damage.
Things that are here:
a +0 flail; a wand of mindburst (8)
The shadow imp hits you.
* * * LOW HITPOINT WARNING * * *
The shadow imp attacks as you move away!
You block the shadow imp's attack. The phantom attacks as you move away!
The phantom hits you but does no damage.
The phantom attacks as you move away! The phantom hits you.
You die...

#..###.##
....
#....#..# ##
#..#.#.#.# #
# #..#...#.#
#.##.#.>##.##
# ..#....$.#
#.##))####.#
#...W5.....#
#..#@.######
#..#..# #.
#.... #.
##.### . #.#
## #.# ...
..#


You could see a phantom and a shadow imp.

Vanquished Creatures
  Pargi (Sewer)
  A centaur (D:5)
  A scorpion (D:5)
  An orc priest (D:6)
  A hound (D:5)
  2 jellies (D:5)
  An iguana (D:6)
  An orc wizard (D:4)
  A gnoll (D:1)
  4 adders
  A white imp (D:6)
  4 worms
  2 dart slugs
  8 orcs
  2 bats
  3 endoplasms
  4 giant cockroaches
  5 goblins
  7 hobgoblins
  10 kobolds
  6 quokkas
  6 ball pythons
  6 frilled lizards
  9 rats
87 creatures vanquished.

Vanquished Creatures (others)
  A plant (D:1)
1 creature vanquished.

Grand Total: 88 creatures vanquished

Notes
Turn   | Place    | Note
-------+----------+-------------------------------------------
     0 | D:1      | Adrian566 the Demonspawn Fighter began the quest for the
                  | Orb.
     0 | D:1      | Reached XP level 1. HP: 18/18 MP: 1/1
    30 | D:1      | Reached skill level 2 in Axes
    30 | D:1      | Gained mutation: You have sharp fingernails. [demonic
                  | ancestry]
    30 | D:1      | Reached XP level 2. HP: 6/24 MP: 2/2
   466 | D:2      | Gained mutation: You sometimes gain a little power by
                  | taking damage. [demonic ancestry]
   466 | D:2      | Reached XP level 3. HP: 12/29 MP: 3/3
   621 | D:2      | Identified the +11 falchion of the Hand {drain, rC+ rCorr
                  | Str+4 Int-3 Dex+3}
  1303 | D:2      | Upgraded the game from 0.30-a0-509-gd016549fea to
                  | 0.30-a0-540-g0af01429fa
  1525 | D:3      | Gained mutation: You may rarely emit foul miasma when
                  | damaged in melee. [demonic ancestry]
  1525 | D:3      | Reached XP level 4. HP: 36/36 MP: 4/4
  1549 | D:3      | Found a glowing drain.
  1564 | Sewer    | Entered a sewer
  1648 | Sewer    | Noticed Pargi
  1661 | Sewer    | Killed Pargi
  1662 | Sewer    | Reached skill level 3 in Axes
  1662 | Sewer    | Reached XP level 5. HP: 9/42 MP: 5/5
  2877 | D:4      | Reached skill level 4 in Axes
  3380 | D:5      | Entered Level 5 of the Dungeon
  3568 | D:5      | Reached XP level 6. HP: 48/48 MP: 6/6
  3596 | D:5      | Reached skill level 1 in Dodging
  3865 | D:5      | Reached skill level 5 in Axes
  4357 | D:6      | Gained mutation: You sometimes gain power by taking damage.
                  | [demonic ancestry]
  4357 | D:6      | Reached XP level 7. HP: 22/54 MP: 7/7
  4385 | D:6      | Slain by a phantom

Illustrated notes

Levels and vault maps discovered:
D:1:      amcnicky_arrival_wind_blow, layout_rooms, nicolae_grassy_gnolls
D:2:      layout_basic
D:3:      layout_loops_ring, cheibrodos_sewer_entry_drain,
          minmay_misc_feat_four_crosses, due_unseen_surprise
D:4:      layout_layer_cave, st_stairs_6, minmay_misc_feat_cross
D:5:      layout_basic
D:6:      minmay_bubble_buster, layout_loops_ring, minmay_circle_x, uniq_grinder

Skill      XL: |  1  2  3  4  5  6 |
---------------+-------------------+-----
Axes           | 2 3 4 5 |  5.5
Shields        | 3 |  3.2
Armour         | 3 |  3.7
Dodging        | 1 |  1.1
Fighting       | 4 |  4.0
Stealth        | |  0.1

Action                   |  1- 3 |  4- 6 |  7- 9 || total
-------------------------+-------+-------+-------++-------
Melee: War axe           |   121 |   149 |     9 ||   279
  Use: Potion            |       |     1 |       ||     1
       Scroll            |       |     6 |       ||     6
Armor: Scale mail        |    59 |    93 |    10 ||   162
Dodge: Dodged            |    59 |    67 |     6 ||   132
Block: Buckler           |    21 |    34 |     5 ||    60

Table legend: (Time is in decaauts)
 A = Elapsed time spent in this place.
 B = Non-inter-level travel time spent in this place.
 C = Inter-level travel time spent in this place.
 D = Time resting spent in this place.
 E = Time spent auto-exploring this place.
 F = Levels seen in this place.
 G = Mean time per level.
                   A        B        C        D        E       F      G
               +--------+--------+--------+--------+--------+-----+--------+
         Total |   4491 |   4198 |    293 |      0 |   3463 |   7 |  641.6 |
       Dungeon |   4202 |   3909 |    293 |      0 |   3254 |   6 |  700.3 |
         Sewer |    288 |    288 |      0 |      0 |    209 |   1 |  288.0 |
               +--------+--------+--------+--------+--------+-----+--------+

Top non-repeatable levels by time:
     D:4: 1127 daAuts
     D:2: 916 daAuts
     D:5: 809 daAuts
     D:3: 680 daAuts
     D:1: 455 daAuts
   Sewer: 288 daAuts
     D:6: 213 daAuts
